 Dungeon Crawl Stone Soup version 0.30.0-30-g96aa6591b8 (webtiles) character file.

Game seed: 8635502466558421620

472 Peloso the Slasher (level 6, 0/56 HPs)
             Began as a Minotaur Fighter on June 26, 2023.
             Slain by an iguana (10 damage)
             ... on level 5 of the Dungeon.
             The game lasted 00:07:01 (3508 turns).

Peloso the Slasher (Minotaur Fighter)               Turns: 3508, Time: 00:07:02

Health: 0/56       AC:  9    Str: 20    XL:     6   Next: 83%
Magic:  5/5        EV:  8    Int:  5    God:
Gold:   232        SH:  5    Dex: 12    Spells: 5/5 levels left

rFire   . . .        a - +0 long sword
rCold   . . .        d - +0 buckler
rNeg    . . .        c - +0 chain mail
rPois   .            (helmet restricted)
rElec   .            (no cloak)
rCorr   .            (no gloves)
SInv    .            (no boots)
Will    +....        (no amulet) Stlth
                     n - ring of willpower
HPRegen 0.29/turn    (no ring)
MPRegen 0.09/turn

%: no passive effects
@: no status effects
A: horns 2, retaliatory headbutt
a: no special abilities


You were on level 5 of the Dungeon.
You visited 2 branches of the dungeon, and saw 6 of its levels.

You collected 232 gold pieces.

Inventory:

Hand Weapons
 a - a +0 long sword (weapon)
Missiles
 u - a throwing net (quivered)
Armour
 b - a +1 scale mail
 c - a +0 chain mail (worn)
 d - a +0 buckler (worn)
Jewellery
 n - a ring of willpower (left hand)
 o - a ring of willpower
Scrolls
 f - a scroll of vulnerability {unknown}
 g - 2 scrolls of immolation {unknown}
 h - a scroll of amnesia {unknown}
 i - a scroll of poison {unknown}
 j - 2 scrolls of teleportation
 l - 3 scrolls of identify {unknown}
 m - a scroll of magic mapping {unknown}
 r - 2 scrolls of blinking {unknown}
 w - a scroll of torment {unknown}
 x - 2 scrolls of enchant armour
Potions
 e - 2 potions of heal wounds {unknown}
 k - a potion of curing
 p - a potion of resistance {unknown}
 q - 2 potions of lignification {unknown}
 s - a potion of magic {unknown}
 t - a potion of might
 v - 3 potions of degeneration {unknown}
 z - 2 potions of mutation {unknown}


   Skills:
 + Level 5.3 Fighting
 + Level 5.6 Long Blades
 + Level 5.4 Armour
 + Level 1.3 Dodging
 + Level 0.3 Stealth
 + Level 4.9 Shields


You had 5 spell levels left.
You didn't know any spells.
Your spell library contained the following spells:

 Spells                   Type           Power      Damage    Failure   Level
 Cigotuvi's Dreadful Rot  Necr/Pois/Air  0%         N/A       100%        2
 Frozen Ramparts          Ice            0%         1d1       100%        3
 Dispel Undead            Necr           0%         3d6       100%        4
 Ice Form                 Ice/Tmut       0%         N/A       100%        4
 Summon Ice Beast         Ice/Summ       0%         N/A       100%        4
 Death Channel            Necr           0%         N/A       100%        6


Dungeon Overview and Level Annotations

Branches:
Dungeon (5/15)             Temple (1/1) D:4

Altars:
Elyvilon
Fedhas
Gozag
Kikubaaqudgha
Makhleb
Nemelex Xobeh
Qazlal
Ru
Sif Muna
Trog
Uskayaw
Wu Jian
Xom
Zin
Ignis

Shops:
D:1 =


Innate Abilities, Weirdness & Mutations

You have a pair of horns on your head.
You reflexively headbutt those who attack you in melee.


Message History

Found a stone staircase leading down.
An orc and an ogre come into view.
The orc shouts!
The ogre shouts!
You block the ogre's attack.
You hit the ogre.
The ogre is lightly wounded.
The ogre barely misses you.
You slash the ogre! You headbutt the ogre.
The ogre is heavily wounded.
You hit the ogre.
The ogre is heavily wounded.
The ogre hits you with a +0 giant club!
You slash the ogre!
The ogre is almost dead.
The ogre hits you with a +0 giant club!
You barely miss the ogre. You headbutt the ogre.
You kill the ogre!
You barely miss the orc. The orc hits you with a +0 mace.
You closely miss the orc. You headbutt the orc!
You kill the orc!
Things that are here:
a +0 mace; a +0 giant club; an ogre corpse
Things that are here:
a +0 mace; a +0 giant club; an ogre corpse An iguana comes into view.
The iguana hisses angrily.
The iguana bites you.
You closely miss the iguana. The iguana bites you.
You hit the iguana but do no damage. The iguana closely misses you.
The iguana bites you.
You hit the iguana but do no damage.
The iguana hisses menacingly.
The iguana bites you!
* * * LOW HITPOINT WARNING * * *
You hit the iguana but do no damage. The iguana bites you!
* * * LOW HITPOINT WARNING * * *
You feel better. You block the iguana's attack.
You closely miss the iguana. Your headbutt misses the iguana.
The iguana bites you!
You die...

#....# #........ #....#
#......... #....#
#....O..... #....#
#.......... #...##
#.......... #...#
#.......... #...#
+........>.
#...##############..........
#...#.........).@l..........
#...################.......#
#...######## #.##......##
#...'......# #..........#
#[..######.# #.#######..#
##+#.......# #.# .#
#.#.####### #.# #
#.........# #.# ###.#####.#
#.#


You could see an iguana.

Vanquished Creatures
  2 ogres (D:5)
  A gnoll bouda (D:3)
  2 iguanas (D:4)
  2 orc wizards
  2 adders
  5 gnolls
  An ufetubus (D:4)
  4 dart slugs
  9 orcs
  8 bats
  7 endoplasms
  4 giant cockroaches
  9 hobgoblins
  8 kobolds
  4 quokkas
  6 ball pythons
  4 frilled lizards (D:1)
  8 goblins
  4 rats
90 creatures vanquished.

Notes
Turn   | Place    | Note
-------+----------+-------------------------------------------
     0 | D:1      | Peloso the Minotaur Fighter began the quest for the Orb.
     0 | D:1      | Reached XP level 1. HP: 19/19 MP: 0/0
   128 | D:1      | Reached XP level 2. HP: 24/27 MP: 1/1
   291 | D:1      | Found a faded altar of an unknown god.
   437 | D:1      | Found Seabyngitu's Jewellery Shoppe.
   441 | D:1      | Reached XP level 3. HP: 33/33 MP: 2/2
  1329 | D:3      | Reached XP level 4. HP: 35/41 MP: 3/3
  1402 | D:3      | Found a hide-covered altar of Uskayaw.
  1913 | D:4      | Found a staircase to the Ecumenical Temple.
  1927 | Temple   | Entered the Ecumenical Temple
  2118 | D:4      | Reached XP level 5. HP: 32/47 MP: 4/4
  2464 | D:4      | Found a shimmering blue altar of Sif Muna.
  2679 | D:4      | Reached skill level 5 in Fighting
  2679 | D:4      | Reached skill level 5 in Long Blades
  2679 | D:4      | Reached XP level 6. HP: 28/56 MP: 5/5
  2909 | D:5      | Entered Level 5 of the Dungeon
  3004 | D:5      | Reached skill level 5 in Armour
  3004 | D:5      | Reached skill level 1 in Dodging
  3508 | D:5      | Slain by an iguana

Illustrated notes

Levels and vault maps discovered:
D:1:      lightli_iron_boxes, layout_basic, serial_shops,
          nicolae_shop_back_alley_shop, basic_ecumenical_altar,
          minmay_misc_feat_doors
D:2:      layout_basic, grunt_ministairs_6, hex_large, feat_on_display
D:3:      layout_rooms, lemuel_crystal_altar, minivault_11,
          kennysheep_nondescript, minmay_misc_feat_square, serial_bayou_crossing
D:4:      minmay_chambers_of_twos, layout_cave_pools, led_sif_pool,
          minmay_temple_entry_large_hall, sigmund_army
D:5:      layout_basic, gammafunk_ghost_smash
Temple:   ebering_untended_altars

Skill      XL: |  1  2  3  4  5  6 |
---------------+-------------------+-----
Shields        | 4 |  4.9
Fighting       | 4 5 |  5.3
Armour         | 4 5 |  5.4
Long Blades    | 3 4 5 |  5.6
Dodging        | 1 |  1.3
Stealth        | |  0.3

Action                     |  1- 3 |  4- 6 || total
---------------------------+-------+-------++-------
  Melee: Long sword        |    87 |   119 ||   206
         Headbutt          |    16 |    25 ||    41
    Use: Potion            |     3 |     1 ||     4
         Scroll            |     3 |     1 ||     4
 Armour: Scale mail        |    61 |    15 ||    76
         Chain mail        |       |    42 ||    42
  Dodge: Dodged            |    49 |    81 ||   130
  Block: Buckler           |    30 |    36 ||    66
